 Dungeon Crawl Stone Soup version 0.26-a0-672-g1df16c3386 (webtiles) character file.

Game seed: 13114085585415466275

2543 BruhMomento the Skirmisher (level 9, -1/72 HPs)
             Began as a Demonspawn Berserker on Oct 19, 2020.
             Was an Elder of Trog.
             Slain by a wraith (3 damage)
             ... led by Josephine
             ... on level 10 of the Dungeon.
             The game lasted 00:07:02 (7345 turns).

BruhMomento the Skirmisher (Demonspawn Berserker)   Turns: 7345, Time: 00:07:02

Health: -1/72      AC: 18    Str: 21    XL:     9   Next: 30%
Magic:  9/9        EV:  9    Int:  8    God:    Trog [****..]
Gold:   394        SH:  0    Dex: 13    Spells: 8/8 levels left

rFire    . . .     SeeInvis .   C - +0 trident
rCold    . . .     Faith    .   (no shield)
rNeg     . . .     Spirit   .   u - +0 chain mail
rPois    .         Reflect  .   (helmet restricted)
rElec    .         Harm     .   i - +2 cloak
rCorr    .         Rampage  .   t - +0 pair of gloves (curse)
MR       .....                  n - +0 pair of boots
Stlth    ..........             (no amulet)
HPRegen  0.22/turn              (no ring)
MPRegen  0.11/turn              (no ring)

@: berserk cooldown, slowed, heavily drained, very slow
A: antennae 1, thin metallic scales 2, powered by death 1
a: Berserk, Trog's Hand, Brothers in Arms, Renounce Religion


You were on level 10 of the Dungeon.
You worshipped Trog.
Trog was greatly pleased with you.
You visited 1 branch of the dungeon, and saw 8 of its levels.

You collected 394 gold pieces.

Inventory:

Hand Weapons
 C - a +0 trident (weapon)
Armour
 b - a +0 animal skin
 i - a +2 cloak (worn)
 n - a +0 pair of boots (worn)
 t - a cursed +0 pair of gloves (worn)
 u - a +0 chain mail (worn)
Jewellery
 z - a cursed ring of attention {unknown}
Wands
 q - a wand of iceblast (11)
Scrolls
 c - 5 scrolls of amnesia {unknown}
 e - 4 scrolls of remove curse {unknown}
 k - 2 scrolls of random uselessness {unknown}
 l - 3 scrolls of enchant weapon {unknown}
 m - 8 scrolls of identify {unknown}
 p - a scroll of noise {unknown}
 r - a scroll of fog {unknown}
 s - a scroll of blinking {unknown}
 v - 3 scrolls of fear {unknown}
 y - a scroll of teleportation {unknown}
 A - a scroll of immolation {unknown}
 B - a scroll of magic mapping {unknown}
 E - a scroll of summoning {unknown}
 G - a scroll of enchant armour {unknown}
Potions
 a - a potion of ambrosia {unknown}
 d - 3 potions of mutation {unknown}
 f - 2 potions of lignification {unknown}
 g - 2 potions of degeneration {unknown}
 h - a potion of resistance {unknown}
 j - a potion of berserk rage {unknown}
 o - 5 potions of curing {unknown}
 w - 2 potions of might {unknown}
 x - a potion of invisibility {unknown}
 D - 2 potions of cancellation {unknown}
 F - a potion of heal wounds {unknown}


   Skills:
 + Level 7.0(5.1) Fighting
 + Level 6.4(4.5) Polearms
 + Level 6.0(4.1) Armour
 + Level 6.0(4.1) Dodging


You had 8 spell levels left.
You didn't know any spells.
Your spell library was empty.

Dungeon Overview and Level Annotations

Branches:
Dungeon (7/15)
 Temple: D:4-7

Altars:
Ashenzari
Elyvilon
Gozag
Makhleb
Ru
Zin
The Shining One

Shops:
D:6 !

Annotations:
D:10 3 runed translucent doors, Josephine; Whiskey's ghost, novice BaIE


Innate Abilities, Weirdness & Mutations

You have a pair of small antennae on your head.
You are mostly covered in thin metallic scales. (AC +3)
You regenerate a little health from kills.


Message History

The wraith hits you but does no damage. x2
Josephine hits you but does no damage.
Your chain mail prevents you from hitting Josephine.
Josephine is almost dead.
The wraith misses you. The wraith hits you but does no damage.
The wraith barely misses you. x2
Josephine casts a spell at you.
The ghostly flame explodes!
The ghostly fireball engulfs you.
You feel drained.
* * * LOW HITPOINT WARNING * * *
The ghostly fireball engulfs the wraith.
The wraith completely resists.
The ghostly fireball engulfs the wraith.
The wraith completely resists.
The ghostly fireball engulfs the wraith but does no damage.
The wraith completely resists.
The ghostly fireball engulfs the wraith.
The wraith completely resists.
The ghostly fireball engulfs Josephine.
Josephine completely resists.
The wraith barely misses you. The wraith hits you but does no damage.
The wraith hits you.
You die...

####################
#...................
#...................
#..........W@W......
#..........WW@......
#........)..........
#..................<
###............$......
.$....................
######.##############
#.# #.#


You could see Josephine and 4 wraiths.

Vanquished Creatures
  Grinder (D:3)
  A wraith (D:10)
  A hornet zombie (D:6)
  An ice beast (D:5)
  A phantom (D:10)
  A sky beast (D:10)
  6 ogres
  2 bullfrogs (D:6)
  A scorpion (D:5)
  4 killer bees (D:10)
  A howler monkey (D:5)
  A bullfrog zombie (D:4)
  2 jellies
  5 hounds
  4 orc priests
  An orc wizard (D:6)
  2 iguanas
  3 bullfrog skeletons
  6 worker ants
  4 gnolls (D:3)
  7 adders
  3 shadow imps
  A white imp (D:7)
  2 ufetubi (D:5)
  5 oozes
  2 adder skeletons (D:4)
  An adder zombie (D:5)
  3 worms
  A dart slug (D:2)
  4 leopard geckos
  9 orcs
  5 giant cockroaches
  13 hobgoblins
  A jackal (D:5)
  9 kobolds
  3 quokkas
  2 ball pythons
  A ball python skeleton (D:4)
  11 bats
  4 frilled lizards
  14 goblins
  A quokka skeleton (D:6)
  4 rats
154 creatures vanquished.

Notes
Turn   | Place    | Note
-------+----------+-------------------------------------------
     0 | D:1      | BruhMomento the Demonspawn Berserker began the quest for
                  | the Orb.
     0 | D:1      | Reached XP level 1. HP: 18/18 MP: 1/1
   277 | D:1      | Gained mutation: You are partially covered in thin metallic
                  | scales. (AC +2) [demonic ancestry]
   277 | D:1      | Reached XP level 2. HP: 23/24 MP: 2/2
   623 | D:2      | Reached XP level 3. HP: 15/29 MP: 3/3
  1242 | D:2      | Reached ** piety under Trog
  1948 | D:2      | Gained mutation: You regenerate a little health from kills.
                  | [demonic ancestry]
  1948 | D:2      | Reached XP level 4. HP: 36/36 MP: 4/4
  2605 | D:3      | Found a faded altar of an unknown god.
  2656 | D:3      | Noticed Grinder
  2665 | D:3      | Paralysed by Grinder for 5 turns
  2671 | D:3      | Killed Grinder
  2671 | D:3      | Reached skill level 4 in Fighting
  2671 | D:3      | Reached XP level 5. HP: 37/42 MP: 5/5
  2671 | D:3      | Gained mutation: You have a pair of small antennae on your
                  | head. [demonic ancestry]
  2671 | D:3      | Reached XP level 6. HP: 43/48 MP: 6/6
  3342 | D:4      | HP: 1/49 [gnoll/+0 whip (3)]
  3823 | D:4      | Reached *** piety under Trog
  4083 | D:4      | Reached XP level 7. HP: 52/55 MP: 7/7
  4360 | D:4      | Reached skill level 5 in Fighting
  4417 | D:4      | Found a glowing golden altar of the Shining One.
  4466 | D:5      | Entered Level 5 of the Dungeon
  5047 | D:5      | Gained mutation: You are mostly covered in thin metallic
                  | scales. (AC +3) [demonic ancestry]
  5047 | D:5      | Reached XP level 8. HP: 63/63 MP: 8/8
  5051 | D:5      | Reached skill level 5 in Polearms
  5352 | D:6      | Found a white marble altar of Elyvilon.
  5541 | D:6      | Reached skill level 6 in Fighting
  5556 | D:6      | Reached skill level 5 in Armour
  5756 | D:6      | Reached skill level 5 in Dodging
  5757 | D:6      | Found a sacrificial altar of Ru.
  5893 | D:6      | Reached **** piety under Trog
  6104 | D:6      | Found a glowing silver altar of Zin.
  6104 | D:6      | Found a broken altar of Ashenzari.
  6104 | D:6      | Found a burning altar of Makhleb.
  6173 | D:6      | Found Tasiob's Distillery.
  6979 | D:7      | You fall into a shaft and drop 3 floors!
  6979 | D:10     | Entered Level 10 of the Dungeon
  7042 | D:10     | Reached XP level 9. HP: 71/71 MP: 9/9
  7176 | D:10     | Found a runed translucent gate.
  7176 | D:10     | Found a runed translucent gate.
  7176 | D:10     | Found an opulent altar of Gozag.
  7178 | D:10     | Found a runed translucent gate.
  7178 | D:10     | Noticed a wolf spider
  7179 | D:10     | Noticed Whiskey's ghost (novice BaIE)
  7321 | D:10     | Noticed Josephine
  7330 | D:10     | Reached skill level 7 in Fighting
  7345 | D:10     | HP: 2/72 [Josephine/ghostly fireball (4)]
  7345 | D:10     | Slain by a wraith

Illustrated notes

Levels and vault maps discovered:
D:1:      saegor_arrival_under_anarchy, layout_basic
D:2:      layout_loops_ring, minmay_misc_feat_encased
D:3:      layout_loops_corners, chequers_ecumenical_altar_simple_redux,
          uniq_grinder
D:4:      cheibrodos_greedy_goblins, layout_rooms, kennysheep_mini
D:5:      minmay_chambers_of_threes, layout_rooms
D:6:      layout_cave_pods, elyvilon_altar_4, gammafunk_temple_overflow_claw,
          basic_altar, serial_shops, nicolae_shop_trees
D:7:      layout_basic, minmay_temple_entry_fiery, uniq_menkaure
D:10:     layout_long_grid, ebering_ghost_gozag, uniq_josephine

Skill      XL: |  1  2  3  4  5  6  7  8  9 |
---------------+----------------------------+-----
Armour         | 2 3 4 5 6 |  6.0
Dodging        | 2 3 4 5 6 |  6.0
Polearms       | 3 4 6 |  6.4
Fighting       | 4 5 6 7 |  7.0

Action                   |  1- 3 |  4- 6 |  7- 9 || total
-------------------------+-------+-------+-------++-------
Melee: Spear             |   157 |   194 |   368 ||   719
       Trident           |       |       |   163 ||   163
Invok: Berserk           |     2 |     2 |     6 ||    10
       Trog's Hand       |       |       |     1 ||     1
 Stab: Sleeping          |       |     5 |       ||     5
Armor: Animal skin       |    45 |    40 |     1 ||    86
       Chain mail        |       |       |   273 ||   273
Dodge: Dodged            |    60 |   102 |   254 ||   416

Table legend: (Time is in decaauts)
 A = Elapsed time spent in this place.
 B = Non-inter-level travel time spent in this place.
 C = Inter-level travel time spent in this place.
 D = Time resting spent in this place.
 E = Time spent auto-exploring this place.
 F = Levels seen in this place.
 G = Mean time per level.
                   A        B        C        D        E       F      G
               +--------+--------+--------+--------+--------+-----+--------+
         Total |   7341 |   7180 |    161 |   1825 |   4202 |   8 |  917.6 |
       Dungeon |   7341 |   7180 |    161 |   1825 |   4202 |   8 |  917.6 |
               +--------+--------+--------+--------+--------+-----+--------+

Top non-repeatable levels by time:
     D:2: 1718 daAuts
     D:6: 1554 daAuts
     D:3: 1402 daAuts
     D:5: 768 daAuts
     D:4: 742 daAuts
     D:1: 603 daAuts
    D:10: 380 daAuts
     D:7: 170 daAuts
